 Seeded DCSS version 0.28.0-53-g5a82cb258f (webtiles) character file.

Game seed: 10077074884737061911 (custom seed)

9 Sanktem7 the Skirmisher (level 2, 26/27 HPs)
             Began as a Minotaur Berserker on June 29, 2022.
             Was a Follower of Trog.
             Quit the game on level 1 of the Dungeon.
             The game lasted 00:00:26 (241 turns).

Sanktem7 the Skirmisher (Minotaur Berserker)         Turns: 241, Time: 00:00:26

Health: 26/27      AC:  2    Str: 21    XL:     2   Next: 3%
Magic:  1/1        EV: 12    Int:  4    God:    Trog [*.....]
Gold:   10         SH:  0    Dex:  9    Spells: 1/1 levels left

rFire   . . .      SeeInvis .   a - +0 hand axe {axe}
rCold   . . .      Faith    .   (no shield)
rNeg    . . .      Spirit   .   b - +0 animal skin
rPois   .          Reflect  .   (helmet restricted)
rElec   .          Harm     .   (no cloak)
rCorr   .          Rampage  .   (no gloves)
Will    .....                   (no boots)
Stlth   +.........              (no amulet)
HPRegen 0.09/turn               (no ring)
MPRegen 0.07/turn               (no ring)

@: no status effects
A: horns 2, retaliatory headbutt
a: Renounce Religion, Berserk


You were on level 1 of the Dungeon.
You worshipped Trog.
Trog was aware of your devotion.
You visited 1 branch of the dungeon, and saw 1 of its levels.

You collected 10 gold pieces.


Innate Abilities, Weirdness & Mutations

You have a pair of horns on your head.
You reflexively headbutt those who attack you in melee.


   Skills:
 + Level 3.8 Fighting
 + Level 3.8 Axes
 + Level 2.7 Armour
 + Level 2.4 Dodging


You had one spell level left.
You didn't know any spells.
Your spell library was empty.

Inventory:

Hand Weapons
 a - a +0 hand axe (weapon) {axe}
Missiles
 c - 22 stones (quivered) {throwing}
 d - 11 arrows
Armour
 b - a +0 animal skin (worn)
Scrolls
 f - a scroll of magic mapping {unknown}
 g - 3 scrolls of acquirement {unknown}
Potions
 e - a potion of brilliance {unknown}
 h - a potion of flight {unknown}

Dungeon Overview and Level Annotations

Branches:
Dungeon (1/15)

Altars:

..... #.####### # ...K.
#.##....# #
......#.......# #
......#.##.##.### #
........)...#...# ..
#+#######.###.#####...
###.#######.# #.#..... .
............# #.#..#....
.###.#####..# #†@.......
.# #.# #.#...#........
.###.#####.###.##..##...
....)..............# .
##.##.......... .....
#.##.####.#### .####
##+##'####.. .#
.........#.# +#
.........#


There were no monsters in sight!


Message History

No target in view!
No target in view!
No target in view!
Found an escape hatch in the floor.
c - 19 stones {throwing}
There is an escape hatch in the floor here.
A frilled lizard comes into view.
A frilled lizard is nearby!
You barely miss the frilled lizard. You headbutt the frilled lizard.
You kill the frilled lizard!
Trog accepts your kill.
No target in view!
No target in view!
No target in view!
No target in view!
No target in view!
d - 11 arrows
e - a glowing orange potion You open the door.
There is an open door here.
A goblin comes into view. It is wielding a +0 dagger.
A goblin is nearby!
You slash the goblin!
You kill the goblin!
Trog accepts your kill.
You see here a +0 dagger {short}.
Found a stone staircase leading down.
Found a stone staircase leading down.
f - a scroll labelled XUOTSU TADOO No target in view!
You see here a +0 leather armour.
g - 3 scrolls labelled ETINUTWYIVUU You open the door.
Found a stone staircase leading down.
There is an open door here.
There is a stone staircase leading down here.
You now have 10 gold pieces.
h - a smoky coppery potion A kobold comes into view.
It is wielding a +0 short sword.
A rat and 2 endoplasms come into view.
The endoplasm quivers.
The kobold throws a stone.
The stone barely misses you. The endoplasm barely misses you.
You hit the endoplasm. You headbutt the endoplasm.
You kill the endoplasm!
Trog accepts your kill.
The endoplasm quivers.
The kobold throws a stone.
The stone hits you. The endoplasm freezes you.
You are frozen. 😕 HP[-2]
You take 2 damage, and now have 18/20 hp.
You barely miss the endoplasm. Your headbutt misses the endoplasm.
The kobold throws a stone.
The stone hits you but does no damage.
The endoplasm completely misses you. 😕 HP[+1]
You barely miss the endoplasm. You headbutt the endoplasm.
The endoplasm closely misses you.
You barely miss the endoplasm. You headbutt the endoplasm.
You kill the endoplasm!
Trog accepts your kill.
You hit the rat but do no damage. The rat barely misses you.
The rat closely misses you. You furiously retaliate!
You headbutt the rat. You hit the rat.
You kill the rat!
Trog accepts your kill.
You slash the kobold!
You kill the kobold!
Trog accepts your kill.
No target in view!
No target in view!
No target in view!
No target in view!
No target in view!
No target in view!
c - 22 stones {throwing} (gained 3)
You see here a +0 short sword {short}. 😎 HP[+1]
Your hp is fully restored (20).
A bat comes into view.
The bat hits you. 😕 HP[-1]
You take 1 damage, and now have 19/20 hp.
A bat is nearby!
The bat hits you but does no damage.
No target in view!
No target in view!
No target in view!
A bat is nearby!
You hit the bat.
You kill the bat!
Trog accepts your kill.
You have reached level 2! 😕 HP[+7] MP[+1]
You now have 27 max hp (+7).
You regained 7 hp, and now have 26/27 hp.
Your mp is fully restored (1).
Unknown command.
Unknown command.
Are you sure you want to abandon this character and quit the game? (Confirm with "yes".)

Action                   || total
-------------------------++-------
Melee: Hand axe          ||    12
       Headbutt          ||     5
Armor: Animal skin       ||     2
Dodge: Dodged            ||     7

Levels and vault maps discovered:
D:1:      erik_arrival_blinker_ship, layout_basic

Notes
Turn   | Place    | Note
-------+----------+-------------------------------------------
     0 | D:1      | Sanktem7 the Minotaur Berserker began the quest for the
                  | Orb.
     0 | D:1      | Reached XP level 1. HP: 19/19 MP: 0/0
     0 | D:1      | magus.rc [v1.9.6]
   241 | D:1      | Reached XP level 2. HP: 26/27 MP: 1/1
   241 | D:1      | Quit the game

Vanquished Creatures
  A bat (D:1)
  2 endoplasms (D:1)
  A giant cockroach (D:1)
  A goblin (D:1)
  A frilled lizard (D:1)
  A kobold (D:1)
  A rat (D:1)
8 creatures vanquished.

Table legend:
 A = Non-vault XP
 B = Vault XP
 C = Vault XP percentage of total XP
 D = Non-vault monster count
 E = Vault monster count
 F = Vault count percentage of total count
                 A         B        C        D         E       F
            +---------+---------+-------+---------+---------+-------
      Total |      13 |       0 |   0.0 |       8 |       0 |   0.0
            +---------+---------+-------+---------+---------+-------
        D:1 |      13 |       0 |   0.0 |       8 |       0 |   0.0
            +---------+---------+-------+---------+---------+-------

Illustrated notes

Table legend:
 A = Kills in this place as a percentage of kills in entire the game.
 B = Kills by you in this place as a percentage of kills by you in the entire game.
 C = Kills by friends in this place as a percentage of kills by friends in the entire game.
 D = Other kills in this place as a percentage of other kills in the entire game.
 E = Experience gained in this place as a percentage of experience gained in the entire game.
 F = Experience gained in this place divided by the number of levels of this place that you have seen.
                   A       B       C       D       E      F
               +-------+-------+-------+-------+-------+----------------------
         Total | 100.0 | 100.0 |   N/A |   N/A | 100.0 |  13.0
       Dungeon | 100.0 | 100.0 |   N/A |   N/A | 100.0 |  13.0
               +-------+-------+-------+-------+-------+----------------------

Table legend: (Time is in decaauts)
 A = Elapsed time spent in this place.
 B = Non-inter-level travel time spent in this place.
 C = Inter-level travel time spent in this place.
 D = Time resting spent in this place.
 E = Time spent auto-exploring this place.
 F = Levels seen in this place.
 G = Mean time per level.
                   A        B        C        D        E       F      G
               +--------+--------+--------+--------+--------+-----+--------+
         Total |    242 |    242 |      0 |      0 |    203 |   1 |  242.0 |
       Dungeon |    242 |    242 |      0 |      0 |    203 |   1 |  242.0 |
               +--------+--------+--------+--------+--------+-----+--------+

Top non-repeatable levels by time:
     D:1: 242 daAuts
